Map: Odyssey LE

Players

Veryn

  • Race: Protoss Protoss
  • Spawn Location: 11:00

Majestic - Winner!

  • Race: Protoss Protoss
  • Spawn Location: 5:00

Event: WCS Valencia 2017

VOD

Have the link to the VOD?

Description

Time

  • Played on: July 13, 2017, 8:03 a.m.
  • Length: 9:59

All games in this series

Show
View Real Time Build Order
Export as new Build Order

Veryn Protoss 

Build Orders: Phoenix Opening 

Get SALT Encoding   

  12  0:00  Probe (Chrono Boost)  
  13  0:11  Probe (Chrono Boost)  
  14  0:17  Pylon  
  14  0:22  Probe (Chrono Boost)  
  16  0:35  Probe (Chrono Boost)  
  16  0:36  Gateway  
  16  0:41  Assimilator  
  16  0:46  Probe (Chrono Boost)  
  17  0:52  Assimilator  
  17  0:56  Probe (Chrono Boost)  
  18  1:07  Probe (Chrono Boost)  
  18  1:08  Gateway  
  19  1:17  Probe (Chrono Boost)  
  20  1:23  Cybernetics Core  
  20  1:28  Probe (Chrono Boost)  
  21  1:33  Pylon  
  21  1:39  Probe (Chrono Boost)  
  22  1:49  Probe (Chrono Boost)  
  23  2:00  Adept  
  23  2:01  Adept  
  27  2:03  Mothership Core (Chrono Boost)  
  29  2:14  Stargate  
  29  2:19  Pylon  
  29  2:37  Stalker x2  
  32  2:53  Probe (Chrono Boost)  
  33  3:07  Probe (Chrono Boost)  
  33  3:12  Phoenix (Chrono Boost)  
  36  3:18  Probe  
  37  3:28  Pylon  
  37  3:30  Probe  
  38  3:39  Nexus  
  38  3:47  Phoenix (Chrono Boost)  
  38  3:48  Probe  
  41  4:00  Probe  
  38  4:08  Phoenix (Chrono Boost)  
  40  4:13  Probe, Stargate  
  41  4:26  Probe  
  41  4:30  Phoenix (Chrono Boost)  
  44  4:32  Warp Gate  
  44  4:38  Probe  
  44  4:50  Probe x2  
  44  4:52  Phoenix (Chrono Boost)  
  48  5:01  Probe  
  48  5:02  Probe  
  48  5:04  Assimilator  
  48  5:06  Phoenix (Chrono Boost), Assimilator  
  52  5:12  Probe  
  53  5:14  Probe  
  54  5:22  Probe  
  54  5:26  Probe  
  51  5:43  Robotics Facility  
  51  5:47  Phoenix (Chrono Boost)  
  51  5:48  Probe  
  53  5:50  Probe  
  54  5:59  Probe  
  54  6:02  Probe  
  53  6:09  Probe  
  53  6:14  Probe (Chrono Boost), Nexus  
  54  6:21  Probe (Chrono Boost)  
  55  6:26  Probe (Chrono Boost)  
  55  6:30  Pylon  
  55  6:32  Pylon, Probe (Chrono Boost)  
  57  6:37  Probe (Chrono Boost)  
  56  6:43  Probe (Chrono Boost)  
  56  6:46  Probe (Chrono Boost)  
  57  6:52  Immortal (Chrono Boost)  
  57  6:53  Probe  
  63  6:56  Probe  
  64  7:05  Probe  
  64  7:06  Probe  
  66  7:12  Forge  
  66  7:18  Probe  
  67  7:25  Probe  
  67  7:26  Probe  
  67  7:27  Immortal (Chrono Boost)  
  67  7:29  Probe  
  73  7:36  Probe  
  74  7:38  Probe  
  76  7:44  Zealot, Sentry  
  76  7:49  Probe  
  80  7:52  Probe  
  80  7:55  Probe  
  82  7:59  Probe  
  82  8:01  Immortal (Chrono Boost)  
  82  8:03  Pylon  
  85  8:06  Pylon  
  85  8:09  Pylon  
  85  8:11  Pylon  
  85  8:18  Zealot x2  
  89  8:22  Pylon, Probe x2  
  89  8:24  Probe  
  92  8:28  Twilight Council  
  92  8:33  Probe  
  92  8:36  Probe  
  92  8:39  Zealot x2  
  96  8:49  Pylon  
  96  8:50  Pylon  
  96  8:52  Pylon  
  96  8:58  Immortal (Chrono Boost)  
  96  9:01  Robotics Facility  
  100  9:05  Zealot  
  100  9:06  Zealot  
  104  9:11  Assimilator  
  104  9:13  Assimilator  
  104  9:16  Pylon  
  104  9:22  Pylon  
  103  9:36  Zealot x2  
Show
View Real Time Build Order
Export as new Build Order

Majestic Protoss - Winner!

Build Orders: Oracle Opening 

Get SALT Encoding   

  12  0:01  Probe (Chrono Boost)  
  13  0:12  Probe (Chrono Boost)  
  14  0:18  Pylon  
  14  0:22  Probe (Chrono Boost)  
  15  0:36  Probe (Chrono Boost)  
  15  0:39  Gateway  
  15  0:42  Assimilator  
  16  0:46  Probe (Chrono Boost)  
  18  0:57  Probe (Chrono Boost)  
  18  1:04  Gateway  
  18  1:07  Probe (Chrono Boost), Assimilator  
  19  1:18  Probe (Chrono Boost)  
  20  1:26  Cybernetics Core  
  20  1:28  Probe (Chrono Boost)  
  21  1:37  Pylon  
  21  1:39  Probe (Chrono Boost)  
  22  1:50  Probe (Chrono Boost)  
  23  2:04  Mothership Core, Adept (Chrono Boost)  
  23  2:05  Warp Gate (Chrono Boost), Adept (Chrono Boost)  
  29  2:14  Pylon  
  31  2:31  Adept (Chrono Boost)  
  31  2:34  Adept (Chrono Boost)  
  31  2:35  Stargate  
  33  2:46  Probe  
  34  3:08  Nexus  
  34  3:10  Pylon  
  34  3:16  Pylon  
  34  3:25  Oracle (Chrono Boost)  
  36  3:33  Robotics Facility  
  36  3:39  Probe  
  37  3:47  Gateway  
  37  4:04  Probe (Chrono Boost)  
  38  4:12  Stalker x2  
  38  4:15  Probe (Chrono Boost)  
  43  4:21  Observer (Chrono Boost), Probe (Chrono Boost)  
  45  4:35  Probe  
  46  4:42  Probe (Chrono Boost)  
  46  4:43  Twilight Council  
  44  4:47  Probe (Chrono Boost)  
  45  4:54  Probe (Chrono Boost)  
  45  4:56  Assimilator  
  45  4:59  Probe (Chrono Boost), Assimilator  
  47  5:02  Stalker  
  47  5:04  Probe (Chrono Boost)  
  47  5:05  Stalker  
  52  5:09  Probe (Chrono Boost)  
  52  5:15  Probe (Chrono Boost)  
  52  5:20  Probe (Chrono Boost)  
  54  5:23  Stalker  
  54  5:25  Probe (Chrono Boost)  
  57  5:30  Probe (Chrono Boost)  
  55  5:36  Probe (Chrono Boost)  
  55  5:41  Probe (Chrono Boost)  
  52  5:45  Stalker x2  
  52  5:47  Probe (Chrono Boost)  
  56  5:52  Probe (Chrono Boost)  
  57  5:57  Probe (Chrono Boost)  
  57  6:02  Probe (Chrono Boost)  
  57  6:08  Probe (Chrono Boost)  
  57  6:09  Gateway  
  57  6:10  Gateway  
  56  6:13  Probe (Chrono Boost)  
  58  6:18  Probe (Chrono Boost)  
  58  6:19  Gateway  
  58  6:23  Probe (Chrono Boost)  
  59  6:27  Templar Archives  
  59  6:29  Probe (Chrono Boost)  
  59  6:31  Gateway  
  60  6:39  Probe (Chrono Boost)  
  59  6:55  Gateway  
  59  6:56  Warp Prism (Chrono Boost)  
  59  7:00  Gateway  
  61  7:03  Pylon  
  61  7:06  Pylon  
  61  7:07  Pylon  
  61  7:09  Pylon  
  61  7:18  Pylon  
  61  7:24  Pylon, High Templar x2  
  61  7:25  High Templar x2  
  61  7:27  High Templar x3  
  74  7:38  Probe  
  74  7:39  Probe  
  76  7:53  Charge (Chrono Boost)  
  76  7:58  High Templar x2  
  80  8:03  Archon  
  80  8:04  Zealot, Archon x3  
  80  8:05  Zealot x3, High Templar  
  86  8:07  Zealot  
  86  8:09  Archon  
  92  8:23  Nexus  
  92  8:26  Pylon  
  92  8:28  Pylon  
  92  8:30  Pylon  
  92  8:38  Zealot x2  
  94  8:51  High Templar x2  
  94  8:53  Zealot x3  
  94  8:54  High Templar  
  94  8:55  Archon  
  106  8:57  High Templar  
  106  9:01  Archon  
  108  9:03  Pylon  
  108  9:04  Pylon  
  108  9:06  Zealot x2  
  108  9:07  Forge  
  112  9:10  Pylon  
  112  9:13  Probe  
  112  9:14  Probe  
  112  9:15  Zealot  
  112  9:16  Zealot  
  118  9:30  Zealot x3  
  118  9:31  Zealot x2  
  122  9:39  Zealot x2  
  122  9:45  Zealot  
  122  9:52  Zealot x3  
Tags
 
Add a new tag
Caveats
  • Supply blocks, unpowered buildings, or Contaminate may cause inaccurate times.
  • Supply counts are checked every 10 seconds.